[Event "ICC Open 2015"]
[Site "Internet Chess Club"]
[Date "2015.05.29"]
[Round "7"]
[White "CapilanoBridge"]
[Black "ShcherbinMatvei"]
[Result "1-0"]
[ICCResult "Black resigns"]
[WhiteElo "3179"]
[BlackElo "2520"]
[Opening "Nimzovich-Larsen attack: modern variation"]
[ECO "A01"]
[NIC "VO.08"]
[Time "15:18:22"]
[TimeControl "180+0"]

1. b3 e5 2. Bb2 Nc6 3. e3 Nf6 4. Bb5 d5 5. Bxe5 Bd6 6. Bb2 O-O 7. Nf3 Bd7 8.
O-O a6 9. Bxc6 Bxc6 10. Ba3 Bxa3 11. Nxa3 Qd6 12. Nb1 Bd7 13. h3 c5 14. d4
Ne4 15. Nfd2 Qg6 16. Nxe4 dxe4 17. Kh1 cxd4 18. Qxd4 Rad8 19. Qe5 Rfe8 20.
Qf4 Qh5 21. Kh2 Qa5 22. a4 Qb4 23. Na3 Be6 24. f3 Qb6 25. fxe4 Qc5 26. c4
Rd2 27. Rf3 Qb4 28. Rg3 Qxb3 29. Qf6 g6 30. h4 Bxc4 31. h5 Be2 32. Rb1 Qe6
33. Qxe6 Rxe6 34. h6 b6 35. Rc1 Rd8 36. Rc7 Rxe4 37. Nc2 Rh4+ 38. Rh3 Rxh6
39. Rxh6 Bd3 40. Nb4 Kg7 41. Rh4 h5 42. Rd4 {Black resigns} 1-0

[Event "ICC Open 2015"]
[Site "Internet Chess Club"]
[Date "2015.05.29"]
[Round "7"]
[White "SusikoiraRoi"]
[Black "TheGreatFair"]
[Result "0-1"]
[ICCResult "White forfeits on time"]
[WhiteElo "1852"]
[BlackElo "2098"]
[Opening "Sicilian: closed"]
[ECO "B23"]
[NIC "SI.44"]
[Time "15:17:26"]
[TimeControl "180+0"]

1. e4 c5 2. Nc3 d6 3. f4 Nc6 4. Nf3 g6 5. Bb5 Bd7 6. O-O Bg7 7. Bxc6 Bxc6 8.
d3 Nh6 9. Qe1 f5 10. e5 O-O 11. exd6 exd6 12. Qe6+ Kh8 13. Bd2 Re8 14. Qb3
Qd7 15. Rae1 b5 16. Nd5 a5 17. c4 b4 18. Nb6 Qb7 19. Nxa8 Rxa8 20. Be3 Nf7
21. Qc2 a4 22. Qd2 a3 23. b3 Bc3 24. Qf2 Bxe1 25. Nxe1 Re8 26. d4 cxd4 27.
Bxd4+ Kg8 28. Nf3 Re4 29. Ng5 Nxg5 30. fxg5 Rg4 31. g3 Qe7 32. Re1 Re4 33.
Kf1 Qxg5 34. Rxe4 Bxe4 35. Be3 Qg4 36. Qf4 Qd1+ 37. Kf2 Qc2+ 38. Bd2 d5 39.
cxd5 Qc5+ 40. Ke2 Qxd5 41. Qb8+ Kf7 42. Qxb4 Qd3+ 43. Ke1 Qb1+ 44. Ke2 Qxa2
45. Qc4+ Ke7 46. Qc5+ Kd7 47. Qb5+ Kd6 48. Ke3 Qc2 49. Bb4+ Ke6 50. Qb6+ Qc6
51. Qxc6+ Bxc6 52. Bxa3 Bd5 53. b4 Bc6 54. Kf4 Bb5 55. h4 Kf7 56. h5 gxh5
57. Kg5 Kg7 58. Kxh5 Bd7 59. Kg5 Bc8 60. Kf4 Kf7 {White forfeits on time}
0-1

[Event "ICC Open 2015"]
[Site "Internet Chess Club"]
[Date "2015.05.29"]
[Round "7"]
[White "nihil95"]
[Black "onti"]
[Result "1-0"]
[ICCResult "Black forfeits on time"]
[WhiteElo "1702"]
[BlackElo "1459"]
[Opening "Scotch gambit"]
[ECO "C44"]
[NIC "SO.06"]
[Time "15:17:28"]
[TimeControl "180+0"]

1. e4 e5 2. Nf3 Nc6 3. d4 exd4 4. Bc4 h6 5. O-O Bc5 6. Bf4 d6 7. c3 Qf6 8.
Qd2 dxc3 9. Nxc3 Ne5 10. Nxe5 dxe5 11. Bg3 c6 12. Kh1 Be6 13. Bd3 O-O-O 14.
Qe2 g5 15. Rfd1 Ne7 16. f3 Ng6 17. a3 Nf4 18. Bxf4 gxf4 19. b4 Bd4 20. Rac1
Rhg8 21. Nb5 a6 22. Nxd4 Rxd4 23. b5 Rgd8 24. bxa6 Kb8 25. axb7 Bb3 26. Rd2
Qd6 27. Rc3 Ba4 28. h3 Bb5 29. Kh2 Rxd3 30. Rdxd3 Bxd3 31. Qb2 Bb5 32. Qc1
Qd2 33. Qxd2 Rxd2 34. h4 Bf1 35. Kh3 Bxg2+ 36. Kg4 Rf2 37. Kf5
{Black forfeits on time}
1-0

[Event "ICC Open 2015"]
[Site "Internet Chess Club"]
[Date "2015.05.29"]
[Round "7"]
[White "MastroNuzzo"]
[Black "ElFenomeno"]
[Result "1-0"]
[ICCResult "Black checkmated"]
[WhiteElo "2384"]
[BlackElo "1896"]
[Opening "Sicilian defense"]
[ECO "B20"]
[NIC "SI.48"]
[Time "15:18:16"]
[TimeControl "180+0"]

1. e4 c5 2. a3 g6 3. d4 cxd4 4. Nf3 Bg7 5. Bc4 Nc6 6. c3 d3 7. Qxd3 Nf6 8.
O-O O-O 9. Bf4 Ng4 10. Qe2 Nge5 11. Nxe5 Nxe5 12. Ba2 d6 13. Nd2 Bd7 14.
Rfd1 Bc6 15. Nf3 Nxf3+ 16. Qxf3 Qc7 17. Qe3 b5 18. Bh6 Bxh6 19. Qxh6 Bxe4
20. Rd4 d5 21. f3 e5 22. Rd2 Bf5 23. Bxd5 Rad8 24. Rad1 Bc2 25. Bxf7+ Qxf7
26. Rxd8 Bxd1 27. Rxd1 e4 28. Rf1 Qf6 29. Qe3 a5 30. Qxe4 Qb6+ 31. Kh1 Rd8
32. Re1 Rd2 33. Qe8+ Kg7 34. Re7+ Kh6 35. Qf8+ Kg5 36. Re5+ Kh4 37. Qf4#
{Black checkmated}
1-0

[Event "ICC Open 2015"]
[Site "Internet Chess Club"]
[Date "2015.05.29"]
[Round "7"]
[White "FHNA"]
[Black "RedCard"]
[Result "1-0"]
[ICCResult "Black checkmated"]
[WhiteElo "2578"]
[BlackElo "2211"]
[Opening "Queen's pawn game"]
[ECO "D02"]
[NIC "QP.08"]
[Time "15:17:22"]
[TimeControl "180+0"]

1. d4 d5 2. Nf3 e6 3. Bg5 Be7 4. Bxe7 Qxe7 5. c3 c5 6. e3 Nc6 7. Nbd2 cxd4
8. exd4 Nf6 9. Bd3 O-O 10. O-O e5 11. dxe5 Nxe5 12. Nxe5 Qxe5 13. Re1 Qc7
14. h3 Bd7 15. Nb3 Rfe8 16. Qc2 h6 17. Nd4 Rxe1+ 18. Rxe1 Re8 19. Rxe8+ Bxe8
20. Qe2 a6 21. Qe3 Bc6 22. Nf5 Qd7 23. Qd4 Qe6 24. Ne3 Ne4 25. f3 Nf6 26.
Bf5 Qe7 27. Bc2 Qe6 28. Kf2 Qd6 29. Nf5 Qe6 30. Ne3 Qd6 31. Bb3 Qe6 32. Bd1
Nd7 33. a3 Qe5 34. Qxe5 Nxe5 35. Be2 Kf8 36. Nc2 Ke7 37. Nd4 Bd7 38. Ke3 Kd6
39. f4 Nc6 40. Bd3 Nxd4 41. Kxd4 f6 42. Be2 a5 43. b3 b6 44. Bf3 Be6 45. Bh5
Bg8 46. Bg6 Be6 47. Bh7 Bf7 48. Bf5 g6 49. Bd3 g5 50. g3 gxf4 51. gxf4 Be6
52. h4 Bf7 53. Bf5 Bg8 54. Bg6 Be6 55. b4 Bd7 56. Bf7 Bc6 57. Bg8 Bb7 58.
Bh7 Bc6 59. Bg6 Bb7 60. Bh5 Bc6 61. Bf3 Bb7 62. c4 axb4 63. axb4 Bc8 64.
Bxd5 Bd7 65. Be4 Be6 66. Bd5 Bd7 67. c5+ bxc5+ 68. bxc5+ Kc7 69. Ke4 Bc8 70.
Bf7 Kc6 71. Kd4 Kc7 72. Be8 Be6 73. Bb5 Bc8 74. Kd5 Bg4 75. Bd3 Bc8 76. Bg6
Bg4 77. Bf7 Bh3 78. Be6 Bg2+ 79. Kd4 Bf3 80. Bf5 Bb7 81. Ke3 Bg2 82. Kf2 Bd5
83. Ke3 Kc6 84. Kd4 Bg2 85. Be4+ Bxe4 86. Kxe4 Kxc5 87. Kf5 Kd5 88. Kxf6 Ke4
89. f5 Kf4 90. Kg6 Kg4 91. h5 Kf4 92. f6 Ke5 93. f7 Ke6 94. f8=Q Kd7 95.
Qf5+ Kd6 96. Kf6 Kc6 97. Qe6+ Kc5 98. Qd7 Kc4 99. Qd6 Kb5 100. Qc7 Kb4 101.
Ke5 Kb5 102. Ke4 Kb4 103. Kd4 Kb5 104. Qc5+ Ka4 105. Qb6 Ka3 106. Kc3 Ka2
107. Qb2# {Black checkmated} 1-0

[Event "ICC Open 2015"]
[Site "Internet Chess Club"]
[Date "2015.05.29"]
[Round "7"]
[White "BennieHill"]
[Black "danim2015"]
[Result "1-0"]
[ICCResult "Black forfeits on time"]
[WhiteElo "1175"]
[BlackElo "1676"]
[Opening "Three knights game"]
[ECO "C46"]
[NIC "KP.06"]
[Time "15:17:08"]
[TimeControl "180+0"]

1. e4 e5 2. Nf3 Nc6 3. Nc3 d6 4. h3 g6 5. a3 Bg7 6. Bc4 Nge7 7. d3 O-O 8.
Be3 Nd4 9. Nd5 c6 10. Nxe7+ Qxe7 11. Nxd4 exd4 12. Bf4 h6 13. O-O Kh7 14.
Qd2 Be6 15. Bxe6 fxe6 16. Bg3 Rf7 17. f4 Raf8 18. Rf2 d5 19. Raf1 e5 20.
fxe5 Rxf2 21. Rxf2 Rxf2 22. Qxf2 Bxe5 23. exd5 Bxg3 24. Qxg3 cxd5 25. Kh1 h5
26. b3 b6 27. b4 a5 28. b5 Qxa3 29. Qc7+ Kh6 30. Qxb6 Qc1+ 31. Kh2 Qf4+ 32.
Kg1 Qc1+ 33. Kh2 Qxc2 34. Qc6 Qb2 35. b6 a4 36. b7 a3 37. Qc8 a2 38. b8=Q
Qxb8+ 39. Qxb8 a1=Q 40. Qf4+ Kg7 41. Qe5+ Kh6 42. Qf4+ Kg7 43. Qc7+ Kh6 44.
Qf4+ {Black forfeits on time} 1-0

[Event "ICC Open 2015"]
[Site "Internet Chess Club"]
[Date "2015.05.29"]
[Round "7"]
[White "PuRe"]
[Black "reydelmambo"]
[Result "0-1"]
[ICCResult "White checkmated"]
[WhiteElo "1805"]
[BlackElo "1969"]
[Opening "Sicilian: Grand Prix attack"]
[ECO "B23"]
[NIC "SI.44"]
[Time "15:17:58"]
[TimeControl "180+0"]

1. e4 c5 2. Nc3 Nc6 3. f4 g6 4. Nf3 Bg7 5. Bb5 Nd4 6. O-O e6 7. e5 a6 8. Bd3
d6 9. exd6 Qxd6 10. Ne5 Nf6 11. Ne2 O-O 12. Nxd4 Qxd4+ 13. Kh1 b5 14. c3 Qd6
15. Qf3 Rb8 16. Ng4 Bb7 17. Nxf6+ Bxf6 18. Be4 Bxe4 19. Qxe4 c4 20. b3 Rbc8
21. bxc4 Rxc4 22. Qf3 Rd8 23. d4 b4 24. cxb4 Qxb4 25. Ba3 Qc3 26. Bc5 Qxf3
27. Rxf3 Rxc5 28. dxc5 Bxa1 29. Rf1 Bf6 30. Rc1 Rc8 31. c6 Rc7 32. g3 Kf8
33. Kg2 Ke7 34. Kf3 Kd6 35. Ke4 Rxc6 36. Rd1+ Ke7 37. Rb1 Kd7 38. Rb7+ Rc7
39. Rb6 a5 40. Ra6 Bc3 41. Kd3 Bb4 42. g4 f5 43. g5 Bd6 44. Ke3 Rc3+ 45. Kd4
Ra3 46. Ra7+ Kc6 47. Ra6+ Kd7 48. Ra7+ Bc7 49. Ra8 Bxf4 50. Rh8 Bxg5 51.
Rxh7+ Be7 52. Rg7 g5 53. Ke5 Re3+ 54. Kd4 Re4+ 55. Kd3 Kd6 56. Rg8 g4 57.
Rh8 Bf6 58. Ra8 a4 59. Ra6+ Ke7 60. Ra7+ Kf8 61. Ra8+ Kf7 62. Ra7+ Kg6 63.
Ra6 Kg5 64. Ra5 Re1 65. Rxa4 f4 66. Ra8 e5 67. Rg8+ Kf5 68. Re8 f3 69. Kd2
Re2+ 70. Kd1 Rxh2 71. Rf8 Rxa2 72. Rf7 f2 73. Kc1 f1=Q# {White checkmated}
0-1

[Event "ICC Open 2015"]
[Site "Internet Chess Club"]
[Date "2015.05.29"]
[Round "7"]
[White "Tut"]
[Black "Prof-chess"]
[Result "1-0"]
[ICCResult "Black forfeits on time"]
[WhiteElo "3199"]
[BlackElo "2828"]
[Opening "King's Indian: Gligoric-Taimanov system"]
[ECO "E92"]
[NIC "KI.18"]
[Time "15:17:13"]
[TimeControl "180+0"]

1. d4 Nf6 2. c4 g6 3. Nc3 Bg7 4. e4 d6 5. Nf3 O-O 6. Be2 e5 7. Be3 Nbd7 8.
d5 Ng4 9. Bg5 f6 10. Bd2 Nh6 11. h4 a5 12. Qc1 Nf7 13. h5 g5 14. g4 Nc5 15.
Nh2 Re8 16. Nf1 Nh6 17. f3 c6 18. Ng3 Bf8 19. Be3 Nf7 20. Qc2 Bd7 21. b3 Na6
22. a3 Rc8 23. Qd2 Nc5 24. Rb1 cxd5 25. cxd5 Qc7 26. O-O Nd3 27. Bxd3 Qxc3
28. Rfc1 Qxd2 29. Bxd2 a4 30. bxa4 Rxc1+ 31. Bxc1 Rc8 32. Bd2 Nd8 33. a5 Be7
34. Nf5 Bxf5 35. gxf5 Rc7 36. Kf2 Nf7 37. Rc1 Bd8 38. Rxc7 Bxc7 39. a6 bxa6
40. Bxa6 Bb6+ 41. Ke2 Kf8 42. a4 Ke7 43. a5 Ba7 44. Bc8 Kd8 45. Be6 Nh6 46.
Be3 Bxe3 47. Kxe3 Kc7 48. Kd3 Kb7 49. Kc4 Ka6 50. Kb4 g4 51. Bc8+ Ka7 52.
fxg4 Nxg4 53. Kb5 Nf2 54. Kc6 Nxe4 55. a6 Kb8 56. Bb7 Ka7 57. h6 Ng3 58. Kb5
e4 59. Kc4 e3 60. Kd3 {Black forfeits on time} 1-0

[Event "ICC Open 2015"]
[Site "Internet Chess Club"]
[Date "2015.05.29"]
[Round "7"]
[White "Fanta"]
[Black "bigali"]
[Result "1-0"]
[ICCResult "Black resigns"]
[WhiteElo "1929"]
[BlackElo "1585"]
[Opening "KP: Nimzovich defense"]
[ECO "B00"]
[NIC "VO.04"]
[Time "15:18:43"]
[TimeControl "180+0"]

1. e4 Nc6 2. b4 e5 3. b5 Nce7 4. Bb2 Ng6 5. Bc4 Nf6 6. d3 Bc5 7. Ne2 a6 8.
d4 exd4 9. Bxd4 Bxd4 10. Qxd4 d6 11. O-O O-O 12. Nbc3 Re8 13. Rad1 Bd7 14.
Ng3 axb5 15. Nxb5 Re5 16. Nc3 b5 17. Bb3 Be6 18. f4 Rc5 19. e5 Bxb3 20. axb3
Ng4 21. exd6 cxd6 22. h3 Nh6 23. Nce4 Rc6 24. Nh5 f6 25. Qd5+ Nf7 26. Qxc6
Qe7 27. Qxa8+ {Black resigns} 1-0

[Event "ICC Open 2015"]
[Site "Internet Chess Club"]
[Date "2015.05.29"]
[Round "7"]
[White "MythBulletChess"]
[Black "RaiseTheCurve"]
[Result "0-1"]
[ICCResult "White resigns"]
[WhiteElo "1568"]
[BlackElo "1961"]
[Opening "Scandinavian (center counter) defense"]
[ECO "B01"]
[NIC "SD.02"]
[Time "15:21:05"]
[TimeControl "180+0"]

1. e4 d5 2. exd5 Qxd5 3. Nc3 Qd8 4. Nf3 Nf6 5. d3 c6 6. Bf4 a6 7. g3 Bg4 8.
Bg2 e6 9. h3 Bf5 10. a4 Bc5 11. d4 Bb6 12. a5 Bc7 13. Bxc7 Qxc7 14. Ne5 Nbd7
15. f4 Rd8 16. Qf3 Bxc2 17. O-O O-O 18. Rac1 Bb3 19. Ne4 Bd5 20. Qe3 Qxa5
21. Nd6 Bxg2 22. Kxg2 Qd5+ {White resigns} 0-1

[Event "ICC Open 2015"]
[Site "Internet Chess Club"]
[Date "2015.05.29"]
[Round "7"]
[White "Babaliyev"]
[Black "Dictator"]
[Result "0-1"]
[ICCResult "White checkmated"]
[WhiteElo "1959"]
[BlackElo "2606"]
[Opening "Grünfeld: 5.Bg5"]
[ECO "D91"]
[NIC "GI.08"]
[Time "15:17:49"]
[TimeControl "180+0"]

1. d4 Nf6 2. Nf3 g6 3. c4 Bg7 4. Nc3 d5 5. Bg5 Ne4 6. Bh4 Nxc3 7. bxc3 dxc4
8. e3 Be6 9. Ng5 Bd5 10. e4 h6 11. exd5 hxg5 12. Bg3 Qxd5 13. Bxc7 Nc6 14.
Qf3 Qxf3 15. gxf3 Rc8 16. Bg3 b5 17. Rb1 b4 18. Bxc4 bxc3 19. Bb5 O-O 20.
Bxc6 Rxc6 21. Be5 Bxe5 22. dxe5 Rd8 23. Ke2 Rd2+ 24. Ke3 Rxa2 25. Rhc1 Ra5
26. Kd4 Ra4+ 27. Ke3 Rc5 28. f4 Rxf4 29. e6 fxe6 30. Rb3 c2 31. Rb2 Re5+ 32.
Kd3 Rxf2 33. Rcxc2 Rxc2 34. Rxc2 Kf7 35. Kd4 Rf5 36. Ke4 a5 37. Ra2 a4 38.
Ra3 Rf4+ 39. Ke3 Kf6 40. h3 e5 41. Ra2 Rb4 42. Ra1 Kf5 43. Rf1+ Rf4 44. Ra1
Rh4 45. Rf1+ Ke6 46. Ra1 a3 47. Kf3 Rxh3+ 48. Kg4 Rb3 49. Kxg5 Kd5 50. Kxg6
e4 51. Kf5 e3 52. Kf4 e2 53. Re1 a2 54. Rxe2 a1=Q 55. Rd2+ Qd4+ 56. Rxd4+
Kxd4 57. Kf5 e5 58. Ke6 e4 59. Kd6 e3 60. Kc6 e2 61. Kd6 e1=Q 62. Kc6 Qe6+
63. Kc7 Rc3+ 64. Kb7 Qc8+ 65. Kb6 Rb3+ 66. Ka5 Qa8# {White checkmated} 0-1

[Event "ICC Open 2015"]
[Site "Internet Chess Club"]
[Date "2015.05.29"]
[Round "7"]
[White "Chaos23"]
[Black "BornReti"]
[Result "1-0"]
[ICCResult "Black forfeits on time"]
[WhiteElo "2060"]
[BlackElo "1786"]
[Opening "Pirc: Byrne variation"]
[ECO "B07"]
[NIC "PU.09"]
[Time "15:18:20"]
[TimeControl "180+0"]

1. e4 d6 2. d4 Nf6 3. Nc3 g6 4. Bg5 h6 5. Be3 a6 6. f3 b5 7. Qd2 Bb7 8. a4
b4 9. Na2 a5 10. c3 bxc3 11. Nxc3 Nc6 12. Bb5 d5 13. Rc1 Nd7 14. Nxd5 Ndb8
15. Nxc7+ Qxc7 16. d5 e6 17. Ne2 exd5 18. exd5 Bb4 19. Nc3 O-O 20. dxc6 Bxc6
21. O-O Bxb5 22. axb5 Rd8 23. Qf2 Qb7 24. Bxh6 Bxc3 25. Rxc3 Qxb5 26. Qh4
Qb6+ 27. Kh1 Nd7 28. Bg5 f6 29. Be3 Qe6 30. Qg3 Ne5 31. Bf4 g5 32. h4 Nf7
33. hxg5 fxg5 34. Bxg5 Nxg5 35. Qxg5+ Kf7 36. Rc7+ Rd7 37. Qf4+ Ke8 38. Rxd7
Qxd7 39. Qe4+ Kd8 40. Qxa8+ {Black forfeits on time} 1-0

[Event "ICC Open 2015"]
[Site "Internet Chess Club"]
[Date "2015.05.29"]
[Round "7"]
[White "moonriver"]
[Black "born2die"]
[Result "1-0"]
[ICCResult "Black forfeits on time"]
[WhiteElo "1479"]
[BlackElo "1679"]
[Opening "Queen's pawn game"]
[ECO "A46"]
[NIC "QP.06"]
[Time "15:17:14"]
[TimeControl "180+0"]

1. d4 Nf6 2. Nf3 d6 3. c4 h5 4. h3 c6 5. Nc3 Bf5 6. Bg5 Ne4 7. e3 Qa5 8. Rc1
Nxc3 9. Rxc3 Qxa2 10. Qc1 Qb1 11. Qxb1 Bxb1 12. Be2 Be4 13. O-O f6 14. Bf4
g5 15. Bg3 g4 16. hxg4 hxg4 17. Nd2 Bf5 18. e4 Bd7 19. e5 f5 20. exd6 exd6
21. Re1 Kd8 22. Bd3 Bg7 23. Bxd6 Bxd4 24. Be7+ Kc7 25. Rc2 Na6 26. Nb3 Bg7
27. Bf1 Rae8 28. Rd2 Nb8 29. Bd6+ Kc8 30. Rde2 Rxe2 31. Rxe2 Bf6 32. Nc5 b6
33. Nxd7 Nxd7 34. b3 Kb7 35. Re6 c5 36. Bd3 Bd4 37. Bxf5 g3 38. Bxg3 Nf6 39.
Re2 a6 40. Bh3 b5 41. cxb5 axb5 42. Re7+ Ka8 43. Be5 Rf8 44. Bxf6 Rxf6 45.
Re2 c4 46. bxc4 bxc4 47. Ra2+ Kb7 48. Rd2 c3 49. Rxd4 c2 50. Rc4 Rc6 51.
Rxc6 {Black forfeits on time} 1-0

[Event "ICC Open 2015"]
[Site "Internet Chess Club"]
[Date "2015.05.29"]
[Round "7"]
[White "Satyricon"]
[Black "opportunity"]
[Result "1-0"]
[ICCResult "Black forfeits on time"]
[WhiteElo "2238"]
[BlackElo "1901"]
[Opening "QGD: exchange, positional line"]
[ECO "D35"]
[NIC "QO.16"]
[Time "15:17:43"]
[TimeControl "180+0"]

1. d4 d5 2. c4 e6 3. Nc3 Nf6 4. cxd5 exd5 5. Bg5 Be7 6. e3 c6 7. Bd3 O-O 8.
Nge2 Nbd7 9. Qc2 Re8 10. f3 Nf8 11. O-O Bd7 12. Rae1 b6 13. Kh1 Rc8 14. e4
dxe4 15. fxe4 c5 16. e5 Ng4 17. Bxe7 Qxe7 18. Qd2 Qh4 19. h3 Nf2+ 20. Kg1
Nxd3 21. Qxd3 cxd4 22. Qxd4 Qxd4+ 23. Nxd4 Be6 24. Ndb5 Rc5 25. Nd6 Rd8 26.
Rf3 Rd7 27. b4 Rc6 28. Nce4 Ng6 29. Ng5 Nxe5 30. Rxe5 Rcxd6 31. Rc3 f6 32.
Rc8+ Rd8 33. Rxd8+ Rxd8 34. Rxe6 fxg5 35. Re7 Ra8 36. Kf2 a5 37. b5 Rc8 38.
Rb7 Rc2+ 39. Kg3 Rxa2 40. Rxb6 Rb2 41. Rb7 a4 42. b6 a3 43. Ra7 Rxb6 44.
Rxa3 h6 45. Rc3 Kh7 46. Ra3 Rb4 47. Rc3 Kg6 48. Ra3 Kf5 49. Rc3 Kg6 50. Ra3
Kh5 51. Rc3 Kg6 52. Ra3 Rc4 53. Rd3 Ra4 54. Rb3 h5 55. Rd3 h4+ 56. Kh2 Kh5
57. Rc3 g4 58. Rc5+ g5 59. hxg4+ Kxg4 60. Rc3 Ra2 61. Rb3 Kh5 62. Rc3 Kg6
63. Rb3 Kf5 64. Rb4 Kg6 65. Rc4 Kh5 66. Rb4 Kg6 67. Rc4 Kh5 68. Rb4 g4 69.
Rb5+ Kg6 70. Rb6+ Kf5 71. Rb5+ Kf4 72. Rb4+ Ke3 73. Rxg4 Ra1 74. Rxh4 Kf2
75. Rh3 Ra8 76. Rf3+ Ke2 77. Rh3 Rb8 78. Rh4 Rc8 79. Re4+
{Black forfeits on time}
1-0

[Event "ICC Open 2015"]
[Site "Internet Chess Club"]
[Date "2015.05.29"]
[Round "7"]
[White "Schurick"]
[Black "Mardaker"]
[Result "0-1"]
[ICCResult "White resigns"]
[WhiteElo "2278"]
[BlackElo "2741"]
[Opening "Réti opening"]
[ECO "A04"]
[NIC "QP.11"]
[Time "15:18:42"]
[TimeControl "180+0"]

1. Nf3 b6 2. g3 Bb7 3. Bg2 e5 4. d3 d6 5. O-O Nf6 6. c4 Be7 7. Nc3 Nbd7 8.
Nxe5 Bxg2 9. Nxd7 Bxf1 10. Nxf6+ Bxf6 11. Qxf1 O-O 12. Qg2 Qd7 13. Nd5 Bd8
14. Nxb6 axb6 15. Qxa8 Bf6 16. Qf3 Qa4 17. e4 Qc2 18. Kf1 Bxb2 19. Bxb2 Qxb2
20. Qd1 Ra8 21. a4 Ra5 22. Qb1 Qf6 23. Ke2 h5 24. h4 Qc3 25. Ra2 f5 26. Qe1
Qd4 27. Qa1 Qc5 28. Qc3 fxe4 29. dxe4 Qc6 30. Qd4 Rc5 31. Kd3 Ra5 32. Ke3
Kh8 33. Qd1 Qxc4 34. Qc2 Qe6 35. Ra3 d5 36. f3 c5 37. Qb3 d4+ 38. Ke2 c4 39.
Qb4 d3+ 40. Ke3 Qh6+ 41. f4 Qc6 42. Rc3 Rxa4 43. Rxc4 Qxc4 44. Qf8+ Qg8 45.
Qf5 Ra5 46. e5 Ra8 47. Qxh5+ Qh7 48. Qf7 d2 49. Kxd2 Rd8+ 50. Ke1 Qb1+ 51.
Kf2 Qc2+ 52. Kf3 Qd1+ 53. Kg2 Qd2+ 54. Kh3 Qd7+ 55. Qxd7 Rxd7 {White
resigns} 0-1

[Event "ICC Open 2015"]
[Site "Internet Chess Club"]
[Date "2015.05.29"]
[Round "7"]
[White "past"]
[Black "lemanofzorn"]
[Result "1-0"]
[ICCResult "Black forfeits on time"]
[WhiteElo "1801"]
[BlackElo "1501"]
[Opening "QGD Slav defense: exchange variation"]
[ECO "D13"]
[NIC "SL.01"]
[Time "15:18:34"]
[TimeControl "180+0"]

1. d4 d5 2. c4 c6 3. cxd5 cxd5 4. Nc3 Nf6 5. Nf3 Bg4 6. e3 e6 7. Be2 Nc6 8.
O-O Bd6 9. a3 O-O 10. b4 Rc8 11. Bb2 Bb8 12. Rc1 Qc7 13. g3 Ne4 14. Nxe4
dxe4 15. Nd2 Bxe2 16. Qxe2 Qd6 17. Nxe4 Qd5 18. Nc3 Qf5 19. Qc2 Qf3 20. Qd1
Qf5 21. f3 Qh3 22. Qe2 e5 23. d5 Ne7 24. e4 Ng6 25. Qg2 Qd7 26. Qe2 b5 27.
Nxb5 Rxc1 28. Rxc1 a6 29. Nc3 Ba7+ 30. Kg2 Rc8 31. Qxa6 Be3 32. Rc2 Bd4 33.
Qd3 Qc7 34. b5 Qc5 35. a4 h5 36. h4 f6 37. a5 Bxc3 38. Rxc3 Qf8 39. Rxc8
Qxc8 40. Qc3 Qd7 41. Qc6 Qa7 42. a6 Qe3 43. Qc2 Qb6 44. Qe2 Qc5 45. Bc1 Ne7
46. Be3 Qb4 47. b6 Nc8 48. b7 Na7 49. Bxa7 Qa5 50. b8=Q+ Kh7 51. Qb6
{Black forfeits on time}
1-0

[Event "ICC Open 2015"]
[Site "Internet Chess Club"]
[Date "2015.05.29"]
[Round "7"]
[White "Daler"]
[Black "Providence"]
[Result "1-0"]
[ICCResult "Black forfeits on time"]
[WhiteElo "2445"]
[BlackElo "2451"]
[Opening "Old Benoni defense"]
[ECO "A43"]
[NIC "OI.09"]
[Time "15:17:06"]
[TimeControl "180+0"]

1. d4 c5 2. c3 Qc7 3. Nf3 g6 4. g3 Bg7 5. Bg2 Nf6 6. O-O O-O 7. dxc5 Qxc5 8.
Be3 Qc7 9. Na3 a6 10. Rc1 d6 11. h3 Nbd7 12. c4 b6 13. b3 Bb7 14. Nc2 Rac8
15. Nb4 Rfd8 16. Bd4 e5 17. Ba1 Qb8 18. e3 a5 19. Nc2 d5 20. Na3 e4 21. Nd4
Ne5 22. cxd5 Rxc1 23. Qxc1 Bxd5 24. Nab5 Rc8 25. Qa3 Bf8 26. Qa4 Nfd7 27.
Nc3 Nc5 28. Qb5 Ba8 29. Rd1 Nf3+ 30. Nxf3 exf3 31. Bf1 Rd8 32. Qc4 Bd6 33.
Nd5 Bxd5 34. Qxd5 Ne6 35. Qxf3 Be7 36. Bc4 Rxd1+ 37. Qxd1 Bc5 38. Qf3 Be7
39. Bxe6 fxe6 40. Qe4 Kf7 41. Qd4 Qd6 42. Qg7+ Ke8 43. Bd4 Kd7 44. Qxh7 e5
45. Bc3 Qc5 46. Be1 Qc1 47. Kf1 Qc5 48. Qxg6 Bd6 49. Qf7+ Kd8 50. Qf3 b5 51.
Qe2 a4 52. b4 Qc6 53. Qd2 Qh1+ 54. Ke2 Qc6 55. Kd1 Kd7 56. Qc2 Qf3+ 57. Qe2
Qd5+ 58. Qd2 Qc4 59. Qc3 Qxa2 60. Qd3 a3 61. Qc2 Qd5+ 62. Ke2 a2 63. Qf5+
Kc6 64. Qc2+ Qc4+ 65. Qd3 Bxb4 66. Qxc4+ bxc4 67. Bc3 a1=Q 68. Bxa1 Bc5 69.
Kf3 Bxe3 70. Kg4 Bxf2 71. Kh5 Kb5 72. Kg6 c3 73. Kf5 c2 74. Ke4 c1=Q 75. Kf5
Qg5+ 76. Ke6 {Black forfeits on time} 1-0

[Event "ICC Open 2015"]
[Site "Internet Chess Club"]
[Date "2015.05.29"]
[Round "7"]
[White "smoothg"]
[Black "carlito78"]
[Result "0-1"]
[ICCResult "White forfeits on time"]
[WhiteElo "1750"]
[BlackElo "1586"]
[Opening "Sicilian: closed"]
[ECO "B23"]
[NIC "SI.44"]
[Time "15:17:22"]
[TimeControl "180+0"]

1. e4 c5 2. Nc3 d6 3. f4 Nc6 4. Nf3 Nf6 5. Bb5 g6 6. Bxc6+ bxc6 7. d3 Bg7 8.
O-O O-O 9. Qe1 e5 10. fxe5 dxe5 11. Be3 Re8 12. Bxc5 Nd7 13. Be3 Nb6 14. a4
a5 15. Qg3 Rb8 16. b3 Ba6 17. Bc5 Nd7 18. Ba3 c5 19. Ne2 Nf6 20. Rad1 Nh5
21. Qf2 Qc7 22. Bxc5 Rbc8 23. Be3 Qxc2 24. g4 Nf4 25. Bxf4 exf4 26. Nxf4
Qxf2+ 27. Rxf2 Rc3 28. Nd5 Rxb3 29. Rfd2 h5 30. h3 hxg4 31. hxg4 Rd8 32. Kf2
Bb7 33. Ne3 Bd4 34. Nxd4 Rxd4 35. Nc4 Bc6 36. Nxa5 Rbb4 37. Nc4 Rxa4 38. Ne5
Be8 39. Ke3 Rdb4 40. Nf3 Rb3 41. Nd4 Rc3 42. Rb1 Raa3 43. Rb8 Kf8 44. Ne2
Rcb3 45. Rb6 Rxb6 46. g5 Rd6 47. Nd4 Rxd4 48. Kxd4 Ra4+ 49. Ke3 Ra5 50. d4
Rxg5 51. Kf4 f6 52. d5 Kf7 53. Rf2 Bd7 54. Ke3 Rg3+ 55. Kd4 Ra3 56. Kc5 Ra5+
57. Kd6 Ra7 58. e5 f5 59. Rf4 Ba4 60. e6+ Kf6 61. Rb4 Ra6+ 62. Kc7 Rc6+ 63.
dxc6 Bxc6 64. Rb6 Kxe6 65. Rxc6+ Ke5 66. Rc2 f4 67. Rc1 g5 68. Rf1 g4 69.
Re1+ Kf5 70. Rc1 Kg5 71. Rd1 Kh4 72. Re1 g3 73. Rh1+ Kg4 74. Re1 Kf3 75. Rd1
g2 76. Rg1 Kg3 77. Rxg2+ Kxg2 78. Kd7 f3 {White forfeits on time} 0-1

[Event "ICC Open 2015"]
[Site "Internet Chess Club"]
[Date "2015.05.29"]
[Round "7"]
[White "Ohanessian"]
[Black "Valai"]
[Result "0-1"]
[ICCResult "White resigns"]
[WhiteElo "2067"]
[BlackElo "2457"]
[Opening "Robatsch defense"]
[ECO "B06"]
[NIC "KF.05"]
[Time "15:17:56"]
[TimeControl "180+0"]

1. e4 g6 2. d4 Bg7 3. Nc3 c6 4. Nf3 d5 5. h3 Nf6 6. e5 Ne4 7. Bd3 Nxc3 8.
bxc3 c5 9. O-O Nc6 10. Ba3 c4 11. Be2 Bf5 12. Rb1 Qa5 13. Bb2 Qxa2 14. Qc1
Qa4 15. Bd1 O-O 16. Ba3 Qa6 17. Ra1 Qb6 18. Bc5 Qc7 19. Nh2 b6 20. Ba3 b5
21. Bc5 a5 22. Bg4 Bxg4 23. Nxg4 Nxe5 24. Bxe7 Qxe7 25. Re1 Nf3+ 26. gxf3
Qh4 27. Kg2 Rfe8 28. Rxe8+ Rxe8 29. Rxa5 h5 30. Nh6+ Kf8 31. Ra7 Bxh6 32.
Qxh6+ Kg8 33. Rd7 Rd8 34. Rxd8+ Qxd8 35. Qf4 Qd7 36. Qb8+ Kh7 37. Qe5 Kg8
38. Qb8+ Kg7 39. Qe5+ f6 40. Qb8 g5 41. Qb6 g4 42. hxg4 hxg4 43. fxg4 Qxg4+
44. Kf1 Qd1+ 45. Kg2 Qxc2 46. Qc7+ Kg6 47. Qg3+ Kf5 48. Qh3+ Kg6 49. Qg3+
Kh6 50. Qh4+ Kg7 51. Qg4+ Qg6 52. Kg3 b4 53. cxb4 c3 54. b5 c2 55. b6 c1=Q
56. b7 Qg1+ {White resigns} 0-1

[Event "ICC Open 2015"]
[Site "Internet Chess Club"]
[Date "2015.05.29"]
[Round "7"]
[White "nadalthegreat"]
[Black "Kyekerz"]
[Result "1-0"]
[ICCResult "Black forfeits on time"]
[WhiteElo "1553"]
[BlackElo "1268"]
[Opening "Scandinavian: Pytel-Wade variation"]
[ECO "B01"]
[NIC "SD.02"]
[Time "15:18:37"]
[TimeControl "180+0"]

1. e4 d5 2. exd5 Qxd5 3. Nc3 Qd6 4. Nf3 Nc6 5. Bc4 Bg4 6. O-O e6 7. h3 Bh5
8. d3 h6 9. Re1 Nf6 10. Nb5 Qd7 11. Bf4 g5 12. Bg3 Bd6 13. Nxd6+ cxd6 14.
Qd2 Bxf3 15. gxf3 O-O-O 16. Qc3 Qe7 17. Bb5 Nd5 18. Qc4 Qc7 19. Bxc6 Qxc6
20. Qxc6+ bxc6 21. c3 h5 22. Rad1 h4 23. Bh2 Rhe8 24. Re4 f5 25. Rc4 Kc7 26.
d4 f4 27. b4 Nb6 28. Rc5 dxc5 29. bxc5 Na8 30. Kg2 {Black forfeits on time}
1-0